 Dungeon Crawl Stone Soup version 0.30-a0-972-gf3ab3527aa (webtiles) character file.

Game seed: 12659737498826638255

42 retardedninja the Covered (level 3, -1/33 HPs)
             Began as an Armataur Fighter on Mar 31, 2023.
             Slain by an ice beast (11 damage)
             ... on level 3 of the Dungeon.
             The game lasted 00:01:23 (1483 turns).

retardedninja the Covered (Armataur Fighter)        Turns: 1483, Time: 00:01:23

Health: -1/33      AC:  7    Str: 21    XL:     3   Next: 33%
Magic:  3/3        EV:  7    Int:  8    God:
Gold:   141        SH:  4    Dex: 11    Spells: 2/2 levels left

rFire   . . .      SeeInvis .    a - +0 long sword
rCold   . . .      Faith    .    c - +0 buckler
rNeg    . . .      Spirit   .    b - +0 scale mail
rPois   .          Reflect  .    (no helmet)
rElec   .          Roll     +    (no cloak)
rCorr   .                        (no gloves)
Will    .....                    (no barding) Stlth
                                 (no amulet)
HPRegen 0.25/turn                (no ring)
MPRegen 0.08/turn                (no ring)

@: no status effects
A: large, rugged brown scales 3, deformed body, armoured tail, roll, long
tongue, awkward tongue
a: no special abilities


You were on level 3 of the Dungeon.
You visited 1 branch of the dungeon, and saw 3 of its levels.

You collected 141 gold pieces.

Inventory:

Hand Weapons
 a - a +0 long sword (weapon)
Armour
 b - a +0 scale mail (worn)
 c - a +0 buckler (worn)
Jewellery
 h - a ring of fire
 i - a +5 ring of evasion
Scrolls
 g - a scroll of identify {unknown}
 j - 3 scrolls of immolation {unknown}
 k - a scroll of vulnerability {unknown}
 l - a scroll of teleportation {unknown}
Potions
 d - 3 potions of might
 e - a potion of mutation {unknown}
 f - a potion of lignification {unknown}
 m - a potion of haste {unknown}


   Skills:
 + Level 3.1 Fighting
 + Level 2.2 Long Blades
 + Level 4.1 Armour
 + Level 3.7 Shields


You had 2 spell levels left.
You didn't know any spells.
Your spell library was empty.

Dungeon Overview and Level Annotations

Branches:
Dungeon (3/15)

Altars:
Dithmenos

Shops:
D:3 (


Innate Abilities, Weirdness & Mutations

You are completely covered in rugged brown scales. (AC +3, +7% HP)
Armour fits poorly on your strangely shaped body.
You have a long armoured tail.
You roll when moving toward enemies. (Rampage)
Your long tongue fully drains potion bottles. (2x potion effects)
Your tongue gives you trouble enunciating. (1.5x scroll delay)


Message History

A goblin and an ice beast come into view.
The goblin is wielding a +1 dagger of venom.
The goblin shouts!
You hear a shout!
An orc comes into view. It is wielding a +0 falchion.
There are monsters nearby!
There are monsters nearby!
The ice beast barely misses you. The ice beast attacks as you move away!
The ice beast hits you but does no damage.
You hit the ice beast but do no damage.
The ice beast hits you but does no damage.
You hit the ice beast.
The ice beast is lightly wounded.
The ice beast hits you but does no damage. x2
You barely miss the ice beast.
The ice beast is lightly wounded.
You block the ice beast's attack.
You slash the ice beast!
The ice beast is heavily wounded.
You block the ice beast's attack.
You barely miss the ice beast.
The ice beast is heavily wounded.
The ice beast hits you. The ice beast freezes you!
The ice beast hits you but does no damage.
You hit the ice beast but do no damage.
The ice beast is heavily wounded.
The ice beast hits you but does no damage.
You closely miss the ice beast.
The ice beast is heavily wounded.
You block the ice beast's attack.
You closely miss the ice beast.
The ice beast is heavily wounded.
You block the ice beast's attack. x2
You hit the ice beast.
The ice beast is heavily wounded.
The ice beast hits you. The ice beast freezes you.
You hit the ice beast but do no damage.
The ice beast is heavily wounded.
The ice beast hits you. The ice beast freezes you!
You die...

#.#(.....##.#.......# .
#...##.###..........#
..########......#.#...#.#
....... #####.#..##.##..
#......### #.#.###.##.#
#.....g.g# #†#.###.##.#
#......#o# #.......##.#
#.....##Y### ##...#### .#
###.....@..# #...#
#...##.#.####...#####
#... ...#............#
....#.#................
##.###..##............# .
##....##.#...#.###
..#####.#....... ##
#.#.....### #.#.....#


You could see an ice beast, an orc and a goblin.

Vanquished Creatures
  A worm (D:2)
  A ball python (D:2)
  6 bats
  4 endoplasms
  A giant cockroach (D:1)
  3 goblins
  4 hobgoblins
  2 quokkas
  3 frilled lizards
  7 kobolds
  2 rats (D:1)
34 creatures vanquished.

Notes
Turn   | Place    | Note
-------+----------+-------------------------------------------
     0 | D:1      | retardedninja the Armataur Fighter began the quest for the
                  | Orb.
     0 | D:1      | Reached XP level 1. HP: 19/19 MP: 1/1
   369 | D:1      | Reached XP level 2. HP: 26/26 MP: 2/2
   716 | D:2      | Reached skill level 4 in Armour
   934 | D:2      | Reached XP level 3. HP: 32/33 MP: 3/3
  1011 | D:2      | Found a faded altar of an unknown god.
  1075 | D:2      | Found a shadowy altar of Dithmenos.
  1339 | D:3      | Found Utasatt's Weapon Shop.
  1468 | D:3      | Noticed an ice beast
  1483 | D:3      | Slain by an ice beast

Illustrated notes

Levels and vault maps discovered:
D:1:      onia_arrival_pentagram, layout_basic
D:2:      layout_loops_ring, shapermc_ecumenical_altar_acropolis, basic_altar
D:3:      layout_loops_cross, serial_shops, shop, gammafunk_ghost_grave,
          uniq_crazy_yiuf_cottage

Skill      XL: |  1  2 |
---------------+-------+-----
Long Blades    | 2 |  2.2
Armour         | 4 |  4.1
Fighting       | 3 |  3.1
Shields        | |  3.7

Action                     || total
---------------------------++-------
  Melee: Long sword        ||    92
         Tailslap          ||     8
 Armour: Scale mail        ||    54
  Dodge: Dodged            ||    31
  Block: Buckler           ||    13

Table legend: (Time is in decaauts)
 A = Elapsed time spent in this place.
 B = Non-inter-level travel time spent in this place.
 C = Inter-level travel time spent in this place.
 D = Time resting spent in this place.
 E = Time spent auto-exploring this place.
 F = Levels seen in this place.
 G = Mean time per level.
                   A        B        C        D        E       F      G
               +--------+--------+--------+--------+--------+-----+--------+
         Total |   1511 |   1479 |     32 |      0 |   1249 |   3 |  503.7 |
       Dungeon |   1511 |   1479 |     32 |      0 |   1249 |   3 |  503.7 |
               +--------+--------+--------+--------+--------+-----+--------+

Top non-repeatable levels by time:
     D:1: 678 daAuts
     D:2: 644 daAuts
     D:3: 189 daAuts
